 Dungeon Crawl Stone Soup version 0.28.0-1-gb440e238dd (webtiles) character file.

Game seed: 10212956743452071439

993 Morbidden the Firebug (level 7, -2/51 HPs)
             Began as a Demonspawn Fire Elementalist on Feb 21, 2022.
             Slain by a killer bee zombie (3 damage)
             ... on level 6 of the Dungeon.
             The game lasted 00:10:31 (5862 turns).

Morbidden the Firebug (DsFE)                        Turns: 5862, Time: 00:10:32

Health: -2/51      AC: 10    Str:  8    XL:     7   Next: 98%
Magic:  14/14      EV: 16    Int: 19    God:
Gold:   69         SH:  0    Dex: 13    Spells: 12/15 levels left

rFire   . . .      SeeInvis +   a - +3 dagger (venom)
rCold   x . .      Faith    .   (no shield)
rNeg    . . .      Spirit   .   p - +5 leather armour "Ucocig" {rC- Slay+3 SInv}
rPois   .          Reflect  .   g - +0 helmet
rElec   .          Harm     .   (no cloak)
rCorr   .          Rampage  .   (no gloves)
Will    .....                   (no boots)
Stlth   ++........              k - amulet of magic regeneration
HPRegen 0.17/turn               (no ring)
MPRegen 0.54/turn               (no ring)

@: repel missiles, unable to read
A: claws 1, repulsion field 3, powered by death 2, talons 1, shaggy fur 1,
inability to read while threatened
a: no special abilities


You were on level 6 of the Dungeon.
You visited 1 branch of the dungeon, and saw 6 of its levels.

You collected 147 gold pieces.
You spent 78 gold pieces at shops.

Inventory:

Hand Weapons
 a - a +3 dagger of venom (weapon)
Missiles
 n - 2 poisoned darts
 o - 47 sling bullets
Armour
 g - a +0 helmet (worn)
 l - a +2 robe of cold resistance
 p - the +5 leather armour "Ucocig" (worn) {rC- Slay+3 SInv}
   (You found it on level 2 of the Dungeon)

   Slay:      It affects your accuracy & damage with ranged weapons and melee
   (+3).
   rC:        It makes you vulnerable to cold.
   SInv:      It lets you see invisible.
Jewellery
 k - an amulet of magic regeneration (around neck)
Scrolls
 e - 2 scrolls of identify
 f - a scroll of blinking
 m - a scroll of enchant armour
 t - a scroll of vulnerability {unknown}
 u - 2 scrolls of teleportation
Potions
 b - a potion of brilliance
 c - a potion of attraction {unknown}
 d - a potion of might {unknown}
 h - a potion of curing {unknown}
 i - a potion of flight {unknown}
 j - a potion of resistance {unknown}
 q - 2 potions of heal wounds {unknown}
 r - a potion of lignification {unknown}


   Skills:
 * Level 2.6 Fighting
 + Level 0.3 Short Blades
 + Level 1.1 Armour
 * Level 3.1 Dodging
 + Level 2.2 Stealth
 * Level 1.4 Unarmed Combat
 * Level 4.9 Spellcasting
 * Level 3.0 Conjurations
 * Level 5.0 Fire Magic


You had 12 spell levels left.
You knew the following spells:

 Your Spells              Type           Power      Damage    Failure   Level
a - Foxfire               Conj/Fire      80%        2x1d8     3%          1
b - Scorch                Fire           48%        2d7       3%          2

Your spell library contained the following spells:

 Spells                   Type           Power      Damage    Failure   Level
 Conjure Flame            Conj/Fire      20%        6-21      10%         3
 Inner Flame              Hex/Fire       14%        N/A       19%         3
 Ignite Poison            Fire/Tmut/Pois 11%        N/A       26%         3
 Flame Wave               Conj/Fire      20%        2d7       32%         4
 Mephitic Cloud           Conj/Pois/Air  8%         N/A       34%         3
 Gell's Gravitas          Tloc           4%         N/A       47%         3
 Teleport Other           Tloc           4%         N/A       47%         3
 Freezing Cloud           Conj/Ice/Air   4%         6-21      97%         5
 Dispersal                Tloc           2%         N/A       100%        6


Dungeon Overview and Level Annotations

Branches:
Dungeon (6/15)
 Temple: D:4-7

Altars:
Okawaru

Shops:
D:2 !   D:4 ?

Annotations:
D:3 3 runed translucent doors, martbhell's ghost, amateur MiBe
D:4 2 transporters, paps's ghost, amateur OpFi


Innate Abilities, Weirdness & Mutations

You have sharp fingernails.
You are surrounded by a strong repulsion field. (EV +4, RMsl)
You regenerate health from kills.
You have sharp toenails.
You are covered in fur. (AC +1)
You sometimes lose the ability to read scrolls when taking damage.


Message History

No target in view!
No target in view!
No target in view!
There is a stone staircase leading up here.
You climb upwards.
There is a stone staircase leading down here.
Unknown command.
HP restored.
Done exploring.
Done exploring.
Autopickup is now off.
Autopickup is now on.
You climb downwards.
There is a stone staircase leading up here.
There is a stone staircase leading up here.
Found a dagger.
You see here a +0 dagger.
An ogre comes into view. It is wielding a +0 giant club.
An ogre is nearby!
A killer bee zombie comes into view.
The ogre shouts!
The killer bee zombie hits you but does no damage.
The killer bee zombie misses you.
You puncture the killer bee zombie! You claw the killer bee zombie.
The killer bee zombie is heavily damaged.
The killer bee zombie closely misses you.
You closely miss the killer bee zombie. Your kick misses the killer bee zombie.
The killer bee zombie is heavily damaged.
The killer bee zombie barely misses you.
The ogre hits you with a +0 giant club!!
The killer bee zombie hits you.
You hit the killer bee zombie.
The killer bee zombie is heavily damaged.
The killer bee zombie hits you but does no damage. x2
The ogre hits you with a +0 giant club!!
You feel threatened and lose the ability to read scrolls!
* * * LOW HITPOINT WARNING * * *
Unknown command.
The killer bee zombie hits you.
You die...

######## .......###
.........#
.......#.#.#########
....[..#.#.........#
.....^.#.#.........#
.......#.#....O....###.###
.......#.#.....Z@.........
..######.#.#####+#.###.##
..######.# #)#
.........#########.#
.........<.<.......#
####################


You could see an ogre and a killer bee zombie.

Vanquished Creatures
  3 ogres (D:4)
  A phantom (D:4)
  A bullfrog (D:6)
  A scorpion (D:5)
  4 jellies
  A bullfrog zombie (D:5)
  A centaur zombie (D:5)
  A hound (D:5)
  An iguana (D:5)
  2 orc wizards
  A hound zombie (D:5)
  A howler monkey zombie (D:5)
  7 gnolls
  5 adders
  An ufetubus (D:5)
  4 worms
  A dart slug (D:1)
  6 orcs
  5 bats
  5 endoplasms
  A giant cockroach (D:1)
  5 goblins
  2 hobgoblins
  5 jackals
  4 kobolds
  5 quokkas
  13 ball pythons
  A frilled lizard (D:3)
  10 rats
98 creatures vanquished.

Vanquished Creatures (others)
  326 foxfires
  2 fungi (D:3)
  7 plants
335 creatures vanquished.

Grand Total: 433 creatures vanquished

Notes
Turn   | Place    | Note
-------+----------+-------------------------------------------
     0 | D:1      | Morbidden the Demonspawn Fire Elementalist began the quest
                  | for the Orb.
     0 | D:1      | Reached XP level 1. HP: 13/13 MP: 3/3
   321 | D:1      | Gained mutation: You are surrounded by a mild repulsion
                  | field. (EV +2) [demonic ancestry]
   321 | D:1      | Reached XP level 2. HP: 19/19 MP: 0/5
   787 | D:1      | Found a faded altar of an unknown god.
   791 | D:1      | Learned a level 2 spell: Scorch
  1435 | D:2      | You fall into a shaft and drop 1 floor!
  1440 | D:3      | Gained mutation: You are surrounded by a moderate repulsion
                  | field. (EV +3) [demonic ancestry]
  1440 | D:3      | Reached XP level 3. HP: 24/24 MP: 1/6
  1494 | D:3      | Reached skill level 3 in Fire Magic
  1560 | D:3      | Found a runed translucent gate.
  1560 | D:3      | Noticed martbhell's ghost (amateur MiBe)
  1560 | D:3      | Noticed a kobold brigand
  2265 | D:2      | Found Banicum's Distillery.
  2408 | D:2      | Identified the +5 leather armour "Ucocig" {rC- Slay+3 SInv}
  2695 | D:2      | Gained mutation: You regenerate a little health from kills.
                  | [demonic ancestry]
  2695 | D:2      | Reached XP level 4. HP: 30/30 MP: 5/8
  3292 | D:3      | Found a runed translucent gate.
  3293 | D:3      | Found a runed translucent gate.
  3352 | D:3      | Found an iron altar of Okawaru.
  3686 | D:3      | Gained mutation: You are occasionally teleported next to
                  | monsters. [potion of mutation]
  3686 | D:3      | Gained mutation: Your flesh is cold resistant. (rC+)
                  | [potion of mutation]
  3686 | D:3      | Gained mutation: Your system is resistant to poisons.
                  | (rPois) [potion of mutation]
  3703 | D:3      | Reached skill level 1 in Fighting
  3713 | D:3      | Gained mutation: You are surrounded by a strong repulsion
                  | field. (EV +4, RMsl) [demonic ancestry]
  3713 | D:3      | Reached XP level 5. HP: 33/37 MP: 9/9
  3723 | D:3      | Lost mutation: Your system is resistant to poisons. (rPois)
                  | [potion of mutation]
  3723 | D:3      | Lost mutation: You are occasionally teleported next to
                  | monsters. [potion of mutation]
  3723 | D:3      | Lost mutation: Your flesh is cold resistant. (rC+) [potion
                  | of mutation]
  3723 | D:3      | Gained mutation: You sometimes lose the ability to read
                  | scrolls when taking damage. [potion of mutation]
  3723 | D:3      | Gained mutation: You are covered in fur. (AC +1) [potion of
                  | mutation]
  3723 | D:3      | Gained mutation: You have sharp toenails. [potion of
                  | mutation]
  3980 | D:4      | Noticed a phantom
  3989 | D:4      | Killed a phantom
  4030 | D:4      | Identified the +6 spear "Sushrol" {vamp, rElec rPois rF+}
  4046 | D:4      | Reached skill level 4 in Fire Magic
  4097 | D:4      | Gained mutation: You have sharp fingernails. [demonic
                  | ancestry]
  4097 | D:4      | Reached XP level 6. HP: 43/43 MP: 5/11
  4275 | D:4      | Found Ojeodo Pake's Magic Scroll Emporium.
  4284 | D:4      | Bought 2 scrolls of teleportation for 78 gold pieces
  4410 | D:4      | Found a transporter.
  4416 | D:4      | Found a transporter.
  4501 | D:4      | Gained mutation: You regenerate health from kills. [demonic
                  | ancestry]
  4501 | D:4      | Reached XP level 7. HP: 22/50 MP: 10/13
  4505 | D:4      | Reached skill level 1 in Unarmed Combat
  4528 | D:4      | Noticed paps's ghost (amateur OpFi)
  4658 | D:5      | Entered Level 5 of the Dungeon
  5332 | D:5      | Reached skill level 5 in Fire Magic
  5501 | D:5      | Reached skill level 1 in Armour
  5861 | D:6      | HP: 1/51 [ogre (25)]
  5862 | D:6      | Slain by a killer bee zombie

Illustrated notes

Levels and vault maps discovered:
D:1:      enne_arrival_octagon_isle, layout_basic,
          hellmonk_ecumenical_altar_run_dry, chequers_serial_rivers_large_a
D:2:      layout_basic, serial_shops, shop
D:3:      layout_basic, old_standard_altar, gammafunk_ghost_nasty_kobolds,
          chequers_decorated_corner
D:4:      layout_gridville, serial_shops, nicolae_shop_statue_plus,
          gammafunk_ghost_gnarly_gnolls
D:5:      layout_basic, hangedman_abyss_or_decor_stagger
D:6:      layout_basic, minmay_temple_entry_enclosed_plants, uniq_grinder

Skill      XL: |  1  2  3  4  5  6  7 |
---------------+----------------------+-----
Dodging        | 2 3 |  3.1
Fire Magic     | 3 4 5 |  5.0
Spellcasting   | 3 4 |  4.9
Conjurations   | 2 3 |  3.0
Fighting       | 1 2 |  2.6
Stealth        | 2 |  2.2
Unarmed Combat | 1 |  1.4
Armour         | 1 |  1.1
Short Blades   | |  0.3

Action                   |  1- 3 |  4- 6 |  7- 9 || total
-------------------------+-------+-------+-------++-------
Melee: Unarmed           |    16 |       |       ||    16
       Dagger            |       |    23 |    40 ||    63
       Kick              |       |     1 |    15 ||    16
       Punch             |       |       |     1 ||     1
 Cast: Foxfire           |   108 |    64 |    28 ||   200
       Scorch            |     8 |    13 |    12 ||    33
  Use: Potion            |       |     3 |       ||     3
       Scroll            |       |       |     6 ||     6
 Stab: Sleeping          |       |     1 |     1 ||     2
       Distracted        |       |       |     1 ||     1
Armor: Robe              |     2 |       |       ||     2
       Leather armour    |       |     6 |    21 ||    27
Dodge: Dodged            |    17 |    28 |    41 ||    86
